 Dungeon Crawl Stone Soup version 0.21.0-3-g78d12a8 (webtiles) character file.

871 tv1990 the Bolt Thrower (level 8, -5/62 HPs)
             Began as a Formicid Hunter on Jan 12, 2018.
             Slain by Duvessa
             ... wielding a +2 short sword of venom
              (13 damage)
             ... on level 5 of the Dungeon.
             The game lasted 00:11:21 (4406 turns).

tv1990 the Bolt Thrower (Formicid Hunter)           Turns: 4406, Time: 00:11:22

Health: -5/62      AC:  8    Str: 23    XL:     8   Next: 24%
Magic:  8/8        EV: 11    Int: 11    God:
Gold:   288        SH:  3    Dex: 13    Spells: 7/7 levels left

rFire    . . .     SeeInvis +   a - +1 hand crossbow
rCold    . . .     Gourm    .   (no shield)
rNeg     + . .     Faith    .   B - +1 ring mail of the Lily {rN+ Str+4} (curse)
rPois    +         Spirit   .   (helmet unavailable)
rElec    .         Reflect  +   (no cloak)
rCorr    .         Harm     .   (no gloves)
MR       .....                  k - +0 pair of boots
Stlth    +.........             x - +3 amulet of reflection
HPRegen  0.20/turn              j - ring of poison resistance
MPRegen  0.11/turn              q - +2 ring of strength

@: no status effects
A: permanent stasis, dig shafts and tunnels, four strong arms, antennae 3
a: Dig, Shaft Self


You were on level 5 of the Dungeon.
You were not hungry.

You visited 1 branch of the dungeon, and saw 5 of its levels.
You also visited: Sewer.

You collected 288 gold pieces.

Inventory:

Hand Weapons
 a - a +1 hand crossbow (weapon)
 b - a +0 short sword
 l - a +1 dagger of protection
 y - a +0 trident
 A - a +2 spear of piercing
Missiles
 d - 19 bolts (quivered)
Armour
 c - a +0 leather armour
 k - a +0 pair of boots (worn)
 p - a +0 chain mail
 B - the cursed +1 ring mail of the Lily (worn) {rN+ Str+4}
   (You found it on level 4 of the Dungeon)

   It affects your strength (+4).
   It protects you from negative energy.
   It has a curse placed upon it.
Jewellery
 j - a ring of poison resistance (left hand)
 q - a +2 ring of strength (right hand)
 x - a +3 amulet of reflection (around neck)
 C - an uncursed ring of see invisible
Scrolls
 h - a scroll of teleportation
 n - 4 scrolls of remove curse {unknown}
 r - 2 scrolls of fear {unknown}
 s - 4 scrolls of blinking {unknown}
 u - a scroll of magic mapping {unknown}
 w - a scroll of fog {unknown}
 z - 2 scrolls of identify
 D - a scroll of amnesia {unknown}
 F - a scroll of enchant armour {unknown}
Potions
 e - a potion of mutation
 g - 2 potions of haste {unknown}
 i - 2 potions of brilliance
 m - a potion of berserk rage {unknown}
 o - 2 potions of might {unknown}
 v - 3 potions of curing
 E - a potion of magic {unknown}
Comestibles
 f - 5 rations
 t - 5 chunks of flesh


   Skills:
 + Level 5.2 Fighting
 * Level 7.4 Crossbows
 + Level 4.5 Armour
 - Level 1.7 Dodging
 - Level 1.2 Stealth


You had 7 spell levels left.
You didn't know any spells.

Dungeon Overview and Level Annotations

Branches:
Dungeon (5/15)
 Temple: D:4-7

Altars:
Kikubaaqudgha
Ru
Vehumet
Xom
Yredelemnul

Annotations:
D:5 Duvessa


Innate Abilities, Weirdness & Mutations

You cannot be hasted, slowed, berserked, paralysed or teleported.
You can dig through walls and to a lower floor.
Your four strong arms can wield two-handed weapons with a shield.
You have a pair of large antennae on your head. (SInv)


Message History

You shoot a bolt.
The bolt hits Duvessa but does no damage.
You feel sick.
Duvessa hits you with a short sword of venom!
* * * LOW HITPOINT WARNING * * *
The adder bites you.
* * * LOW HITPOINT WARNING * * *
Duvessa hits you with a short sword of venom!
* * * LOW HITPOINT WARNING * * *
You are more poisoned.
The adder bites you but does no damage.
Aim: Duvessa, wielding a short sword of venom and wearing a leather armour (almost dead, berserk, fast, unusually strong)
You shoot a bolt. The bolt barely misses Duvessa.
* * * LOW HITPOINT WARNING * * *
You feel sick. You block Duvessa's attack.
The adder bites you but does no damage. Duvessa misses you.
It was a potion of curing.
You feel better. The adder bites you but does no damage.
Duvessa hits you with a short sword of venom!
You die...

#......# #......#
#......#
##......#
##.......#
#........#
###.####รท###
#..####......#.#
#(.).e@##...#.#
#.....S......#.#
....[........#.#
#............#.##
.......>..####..#
......^.... ##.#
...........# #.#
...........# #.#
#<#


You could see Duvessa (berserk) and an adder.

Vanquished Creatures
  Grinder (D:3)
  An ogre (D:3)
  Dowan (D:5)
  Jessica (D:2)
  Terence (D:3)
  Natasha (thrice) (D:4)
  2 orc wizards
  3 worker ants (D:4)
  Robin (D:2)
  3 gnolls (D:4)
  7 adders
  4 river rats
  2 oozes
  5 worms
  A dart slug (D:2)
  3 leopard geckos
  7 orcs
  4 ball pythons
  7 giant cockroaches
  12 hobgoblins
  16 jackals
  A quokka (D:3)
  7 bats
  6 frilled lizards
  20 goblins
  17 kobolds
  12 rats
148 creatures vanquished.

Vanquished Creatures (others)
  A dart slug (D:2)
1 creature vanquished.

Grand Total: 149 creatures vanquished

Notes
Turn   | Place    | Note
-------+----------+-------------------------------------------
     0 | D:1      | tv1990 the Formicid Hunter began the quest for the Orb.
     0 | D:1      | Reached XP level 1. HP: 16/16 MP: 1/1
   145 | D:1      | Reached XP level 2. HP: 5/23 MP: 2/2
   546 | D:1      | Reached skill level 1 in Armour
   658 | D:1      | Reached XP level 3. HP: 25/28 MP: 3/3
  1131 | D:2      | Found a radiant altar of Vehumet.
  1311 | D:2      | Reached XP level 4. HP: 34/34 MP: 4/4
  1325 | D:2      | Found a basalt altar of Yredelemnul.
  1433 | D:2      | Noticed Robin
  1458 | D:2      | Killed Robin
  1722 | D:2      | Noticed Jessica
  1740 | D:2      | Killed Jessica
  1740 | D:2      | Reached skill level 5 in Crossbows
  1740 | D:2      | Reached XP level 5. HP: 27/41 MP: 5/5
  2253 | D:3      | Found a glowing drain.
  2296 | Sewer    | Entered a sewer
  2500 | Sewer    | Reached XP level 6. HP: 47/47 MP: 6/6
  2954 | D:3      | Noticed an ogre
  2958 | D:3      | Killed an ogre
  2958 | D:3      | Reached skill level 6 in Crossbows
  3213 | D:3      | Noticed Terence
  3219 | D:3      | Killed Terence
  3219 | D:3      | Reached XP level 7. HP: 52/54 MP: 7/7
  3436 | D:3      | Found an ancient bone altar of Kikubaaqudgha.
  3520 | D:3      | Noticed Grinder
  3527 | D:3      | Killed Grinder
  3652 | D:4      | Got a warped ring mail
  3663 | D:4      | Identified the cursed +1 ring mail of the Lily {rN+ Str+4} (You found it on level 4 of the Dungeon)
  3757 | D:4      | Found a shimmering altar of Xom.
  3761 | D:4      | Found a sacrificial altar of Ru.
  3819 | D:4      | Reached skill level 7 in Crossbows
  3880 | D:4      | Noticed Natasha
  3882 | D:4      | Killed Natasha
  3910 | D:4      | Noticed Natasha
  3914 | D:4      | Reached XP level 8. HP: 55/61 MP: 8/8
  3918 | D:4      | Killed Natasha
  3918 | D:4      | Reached skill level 5 in Fighting
  3990 | D:4      | Noticed Natasha
  3999 | D:4      | Killed Natasha
  4350 | D:5      | Entered Level 5 of the Dungeon
  4391 | D:5      | Noticed Dowan
  4392 | D:5      | Noticed Duvessa
  4396 | D:5      | Killed Dowan
  4405 | D:5      | HP: 2/62 [poisoned by Duvessa]
  4406 | D:5      | Slain by Duvessa

Skill      XL: |  1  2  3  4  5  6  7  8 |
---------------+-------------------------+-----
Armour         | 1 2 3 4 |  4.5
Fighting       | 3 4 5 |  5.2
Crossbows      | 5 6 7 |  7.4
Dodging        | |  1.7
Stealth        | |  1.2

Action                   |  1- 3 |  4- 6 |  7- 9 || total
-------------------------+-------+-------+-------++-------
Melee: Short sword       |   146 |    79 |       ||   225
       Trident           |       |       |    32 ||    32
       Spear             |       |       |    84 ||    84
 Fire: Hand crossbow     |       |   106 |    50 ||   156
 Abil: Dig               |       |     1 |       ||     1
  Use: Scroll            |       |     4 |       ||     4
       Potion            |       |       |     1 ||     1
 Stab: Sleeping          |     1 |       |       ||     1
  Eat: Chunk             |     1 |     7 |     4 ||    12
Armor: Leather armour    |    45 |       |       ||    45
       Chain mail        |    11 |    84 |    13 ||   108
       Ring mail         |       |       |    48 ||    48
Dodge: Dodged            |   100 |    50 |    92 ||   242
Block: Other             |       |       |    16 ||    16

Vault maps used:
D:1:      lightli_arrival_boilingwater
D:2:      fiery_altar_vehumet, nicolae_overflow_crystal_walls, first_ration,
          uniq_jessica, uniq_robin
D:3:      cheibrodos_greedy_goblins, lemuel_coloured_pillars_altar,
          portal_sewer_entry_b, uniq_grinder, uniq_terence
D:4:      grunt_temple_overflow_open, uniq_natasha
D:5:      uniq_duvessa, uniq_eustachio, uniq_pikel
Sewer:    sewer_co_15_rooms
